 Dungeon Crawl Stone Soup version 0.23.2 (webtiles) character file.

Game seed: 5457365341588392103

49 Lokkij the Firebug (level 3, -3/24 HPs)
             Began as a Demonspawn Fire Elementalist on Apr 13, 2019.
             Slain by an orc
             ... wielding a +0 flail
              (9 damage)
             ... on level 2 of the Dungeon.
             The game lasted 00:05:54 (1926 turns).

Lokkij the Firebug (Demonspawn Fire Elementalist)   Turns: 1926, Time: 00:05:55

Health: -3/24      AC:  2    Str:  8    XL:     3   Next: 51%
Magic:  12/15      EV: 12    Int: 19    God:
Gold:   101        SH:  0    Dex: 13    Spells: 6/7 levels left

rFire    . . .     SeeInvis .   (no weapon)
rCold    . . .     Gourm    .   (no shield)
rNeg     . . .     Faith    .   a - +0 robe
rPois    .         Spirit   .   (no helmet)
rElec    .         Reflect  .   (no cloak)
rCorr    .         Harm     .   (no gloves)
MR       .....                  (no boots)
Stlth    ++........             (no amulet)
HPRegen  0.08/turn              n - ring of magical power
MPRegen  0.14/turn              o - +2 ring of intelligence

@: no status effects
A: hooves 1
a: no special abilities


You were on level 2 of the Dungeon.
You were not hungry.

You visited 1 branch of the dungeon, and saw 3 of its levels.

You collected 101 gold pieces.

Inventory:

Armour
 a - a +0 robe (worn)
Jewellery
 n - a ring of magical power (left hand)
 o - a +2 ring of intelligence (right hand)
Scrolls
 b - a scroll of enchant armour {unknown}
 d - 3 scrolls of identify {unknown}
 e - a scroll of magic mapping {unknown}
 f - 2 scrolls of noise {unknown}
 g - a scroll of blinking {unknown}
 j - a scroll of random uselessness {unknown}
 k - a scroll of teleportation {unknown}
 l - a scroll of remove curse {unknown}
Potions
 h - a potion of curing
 i - a potion of berserk rage {unknown}
 m - a potion of invisibility {unknown}
Comestibles
 c - 7 rations
 p - a chunk of flesh


   Skills:
 - Level 1.7 Dodging
 - Level 1.7 Stealth
 + Level 2.6 Spellcasting
 + Level 2.1 Conjurations
 - Level 3.2 Fire Magic


You had 6 spell levels left.
You knew the following spells:

 Your Spells              Type           Power        Failure   Level  Hunger
a - Flame Tongue          Conj/Fire      ##...        5%          1    None

Your spell library contained the following spells:

 Spells                   Type           Power        Failure   Level  Hunger
 Throw Flame              Conj/Fire      ##....       8%          2    ##.....
 Conjure Flame            Conj/Fire      ##......     16%         3    ###....
 Inner Flame              Hex/Fire       #.......     24%         3    ###....
 Sticky Flame             Conj/Fire      ##......     45%         4    ####...
 Fireball                 Conj/Fire      ##........   82%         5    ######.


Dungeon Overview and Level Annotations

Branches:
Dungeon (3/15)

Altars:
Nemelex Xobeh


Innate Abilities, Weirdness & Mutations

You have large cloven feet.


Message History

An orc comes into view. It is wielding a +0 flail.
An orc is nearby!
An orc priest comes into view. It is wielding a +0 hand axe.
The orc priest shouts!
An orc comes into view.
It is wielding a +0 falchion of electrocution.
An orc comes into view.
It is wielding a +0 short sword and wearing a +2 leather armour of fire resistance.
The orc throws a tomahawk of dispersal.
The tomahawk of dispersal hits you but does no damage.
The orc priest mumbles some strange prayers to Beogh against you.
Pain shoots through your body!
Ouch! That really hurt!
The orc hits you with a +0 flail!
* * * LOW HITPOINT WARNING * * *
There is a stone staircase leading up here.
The orc shouts! x2
The orc barely misses you.
You climb upwards.
There is a stone staircase leading down here.
It was a potion of curing.
You feel better. The orc hits you with a +0 flail!
You die...

######............#.##.#.###.#
######........÷...#....#...#.####
.....#.......†....########.#.#..#
####.#####.................#.#..#
#..# #.........#####...<.#...
#####.# #########.#####.###÷##.#
..# #.## #.#.......#....#
..###..###########.....#†########
..'.............@#...#.......####
..####.#.#....##o#...#.....#.#...
..# #...+....##.#.....#...#.#.##
..# ##.##....##.#.#.#.#.#.#...##
### #..#.........#...#.#.#.....
##.#....##.#######.#.##.###
#...######.# #.#.....##
#######...# ###[#######.#####...
#.........## #.........#.#<..#.##


You could see an orc.

Vanquished Creatures
  An adder (D:2)
  2 dart slugs
  A leopard gecko (D:3)
  3 giant cockroaches
  7 goblins
  5 hobgoblins (D:1)
  A quokka (D:2)
  A ball python (D:2)
  4 bats
  5 frilled lizards
  2 kobolds
  A rat (D:3)
33 creatures vanquished.

Notes
Turn   | Place    | Note
-------+----------+-------------------------------------------
     0 | D:1      | Lokkij the Demonspawn Fire Elementalist began the quest for
                  | the Orb.
     0 | D:1      | Reached XP level 1. HP: 13/13 MP: 3/3
   501 | D:1      | Gained mutation: You have large cloven feet. [demonic
                  | ancestry]
   501 | D:1      | Reached XP level 2. HP: 19/19 MP: 0/5
   654 | D:1      | Found a sparkling altar of Nemelex Xobeh.
   768 | D:1      | Reached skill level 3 in Fire Magic
  1583 | D:2      | Reached XP level 3. HP: 24/24 MP: 6/6
  1923 | D:3      | HP: 1/24 [orc/+0 flail (9)]
  1926 | D:2      | Slain by an orc

Skill      XL: |  1  2  3 |
---------------+----------+-----
Fire Magic     | 3 |  3.2
Conjurations   | 2 |  2.1
Dodging        | |  1.7
Stealth        | |  1.7
Spellcasting   | |  2.6

Action                   || total
-------------------------++-------
Melee: Unarmed           ||    12
 Cast: Flame Tongue      ||    58
  Use: Potion            ||     1
 Stab: Sleeping          ||     1
  Eat: Chunk             ||     4
Armor: Robe              ||     8
Dodge: Dodged            ||    21
